Map: Zen LE

Players

Johnny - Winner!

  • Race: Zerg Zerg
  • League: Platinum
  • Spawn Location: 7:00

Massa

  • Race: Terran Terran
  • League: Gold
  • Spawn Location: 1:00

VOD

Have the link to the VOD?

Description

Time

  • Played on: April 16, 2020, 11:28 a.m.
  • Length: 10:22
Show
View Real Time Build Order
Export as new Build Order

Johnny Zerg - Winner!

Build Orders: Hatch First, Muta Ling Bane 

Get SALT Encoding   

  12  0:01  Drone  
  13  0:08  Drone  
  14  0:16  Overlord  
  14  0:35  Drone x3  
  17  0:55  Hatchery  
  17  0:56  Drone  
  17  0:59  Drone  
  18  1:08  Drone  
  19  1:12  Extractor  
  18  1:22  Drone, Spawning Pool  
  18  1:29  Drone  
  19  1:48  Drone  
  20  1:56  Drone  
  21  2:08  Queen  
  21  2:10  Queen  
  21  2:13  Metabolic Boost  
  25  2:16  Zergling x6  
  25  2:20  Overlord  
  28  2:26  Extractor  
  28  2:29  Drone  
  28  2:35  Overlord  
  28  2:40  Drone  
  28  2:41  Drone  
  30  2:56  Drone x2  
  32  2:59  Drone  
  32  3:04  Lair  
  34  3:05  Zergling x4  
  34  3:11  Drone  
  36  3:15  Baneling Nest  
  36  3:17  Drone x3  
  38  3:22  Overlord  
  38  3:28  Overlord  
  38  3:31  Drone  
  40  3:34  Drone  
  40  3:39  Drone x2  
  42  3:44  Drone  
  43  3:49  Evolution Chamber  
  43  3:55  Drone x4  
  45  4:12  Spine Crawler  
  45  4:16  Zerg Ground Armor Level 1  
  44  4:17  Spire  
  44  4:18  Baneling x2  
  44  4:23  Extractor  
  44  4:24  Extractor  
  38  4:42  Zergling x10  
  42  4:56  Drone x4  
  44  5:09  Drone x2  
  46  5:15  Drone x3  
  49  5:21  Centrifical Hooks  
  49  5:28  Mutalisk x2  
  53  5:37  Spore Crawler  
  53  5:39  Drone  
  53  5:51  Hatchery  
  53  5:53  Zergling x8  
  56  5:57  Pneumatized Carapace  
  56  6:01  Overseer  
  56  6:12  Mutalisk, Zerg Melee Weapons Level 1  
  56  6:13  Mutalisk  
  56  6:16  Overlord x2  
  60  6:46  Zerg Flyer Weapons Level 1  
  60  6:54  Infestation Pit  
  59  7:09  Zergling x2  
  59  7:10  Zergling x26  
  59  7:11  Baneling x2  
  59  7:12  Baneling x3  
  59  7:15  Queen  
  75  7:30  Hive  
  75  7:38  Drone x3  
  75  7:43  Drone x4  
  82  7:45  Overlord x3  
  82  8:05  Zerg Ground Armor Level 2  
  82  8:06  Spore Crawler  
  81  8:17  Baneling x4  
  81  8:18  Baneling x3  
  81  8:21  Mutalisk x6  
  92  9:08  Extractor  
  91  9:12  Extractor  
  90  9:19  Evolution Chamber  
  90  9:22  Zergling x26, Evolution Chamber  
  90  9:23  Zergling x8  
  90  9:24  Overlord x2  
  105  9:40  Hatchery  
Show
View Real Time Build Order
Export as new Build Order

Massa Terran 

Build Orders:  

Get SALT Encoding   

  12  0:04  SCV  
  13  0:16  SCV  
  13  0:21  Supply Depot  
  15  0:28  SCV  
  15  0:42  SCV  
  16  0:45  Barracks  
  16  0:51  Supply Depot  
  16  0:54  SCV  
  17  1:06  SCV  
  18  1:11  Refinery  
  18  1:13  Refinery  
  18  1:21  SCV  
  19  1:33  SCV  
  20  1:45  SCV  
  20  1:47  Reaper  
  22  1:58  SCV, Barracks  
  23  2:02  Engineering Bay  
  23  2:10  SCV  
  24  2:16  Factory  
  24  2:19  Barracks Reactor  
  24  2:26  SCV  
  25  2:37  Terran Infantry Weapons Level 1  
  24  2:51  SCV  
  25  3:02  Command Center  
  25  3:12  Barracks Tech Lab  
  25  3:17  Hellion x2  
  29  3:25  Supply Depot  
  29  3:34  Combat Shield  
  29  3:38  Hellion  
  29  3:39  Barracks Reactor  
  31  3:46  Supply Depot  
  31  3:47  Hellion  
  33  4:02  Starport  
  33  4:05  Hellion  
  35  4:28  Marauder  
  37  4:49  Marauder  
  31  5:08  SCV  
  31  5:11  Marauder  
  34  5:20  SCV  
  35  5:21  Bunker  
  35  5:24  Hellion x2  
  35  5:26  Marine x2  
  41  5:32  SCV, Marauder  
  41  5:34  Terran Infantry Armor Level 1  
  44  5:43  Orbital Command  
  44  5:44  SCV, Marine x2  
  47  5:50  Starport Reactor  
  47  5:56  SCV  
  48  6:00  Sensor Tower  
  48  6:02  Marine x2  
  50  6:20  Marine x2  
  52  6:31  Missile Turret  
  52  6:33  Medivac x2  
  52  6:36  SCV  
  57  6:41  SCV  
  60  6:47  Marauder  
  60  6:48  SCV  
  60  6:50  Missile Turret  
  60  6:53  SCV  
  62  6:59  Barracks  
  62  7:05  Supply Depot  
  62  7:10  Supply Depot  
  62  7:11  Missile Turret  
  62  7:24  Missile Turret  
  62  7:27  SCV x2, Viking  
  66  7:31  Missile Turret  
  66  7:39  SCV x2  
  68  7:49  Refinery  
  68  7:51  SCV x2, Marine x2  
  68  7:52  Marine  
  68  7:57  Widow Mine x2  
  77  8:03  SCV  
  78  8:07  Supply Depot  
  78  8:15  Supply Depot  
  78  8:29  SCV x2, Marauder, Marine x2  
  84  8:36  Liberator  
  84  8:37  Supply Depot  
  82  8:46  Marine x2  
  84  8:51  Marauder  
  71  9:04  Viking  
  73  9:19  Medivac  
  73  9:21  Factory  
  73  9:22  Barracks  
  75  9:25  Command Center  
  75  9:37  Orbital Command  
  75  9:51  Marine, Marauder, Sensor Tower  
  75  9:52  Marine  
Tags
 
Composition
Muta Ling Bane
Matchup
TvZ
Replay Pack
Multiplayer
Spawn Locations
Cross Positions
Add a new tag
Caveats
  • Supply blocks, unpowered buildings, or Contaminate may cause inaccurate times.
  • Supply counts are checked every 10 seconds.